 Dungeon Crawl Stone Soup version 0.18.1-48-g4cf74bf (webtiles) character file.

3209 Metae the Fighter (level 9, -3/101 HPs)
             Began as an Ogre Berserker on July 6, 2016.
             Was an Elder of Trog.
             Slain by a killer bee (9 damage)
             ... on level 8 of the Dungeon.
             The game lasted 00:38:48 (7379 turns).

Metae the Fighter (Ogre Berserker)                  Turns: 7379, Time: 00:38:49

Health: -3/101     AC:  3    Str: 24    XL:     9   Next: 97%
Magic:  9/9        EV: 14    Int:  6    God:    Trog [****..]
Gold:   363        SH:  0    Dex: 12    Spells: 0 memorised, 8 levels left

rFire  . . .     SeeInvis .     M - +2 mace (crush)
rCold  + . .     Gourm    .     b - +0 animal skin
rNeg   . . .     Faith    .     (no shield)
rPois  +         Spirit   .     (helmet restricted)
rElec  .         Dismiss  .     (no cloak)
rCorr  .         Reflect  .     (gloves unavailable)
SustAt .         Harm     .     (boots unavailable)
MR     .....                    H - amulet of regeneration
Stlth  ++........               q - ring of poison resistance
                                E - ring of protection from cold

@: lethally poisoned (-3 -> -5), exhausted, slowed, very slow, not resistant to
hostile enchantments, unstealthy
A: unfitting armour, tough skin 1
a: Berserk, Trog's Hand, Brothers in Arms, Burn Spellbooks, Renounce Religion


You were on level 8 of the Dungeon.
You worshipped Trog.
Trog was greatly pleased with you.
You were not hungry.

You visited 1 branch of the dungeon, and saw 8 of its levels.

You collected 488 gold pieces.
You spent 125 gold pieces at shops.

Inventory:

Hand Weapons
 m - a +2 whip of draining
 y - a +0 flail
 M - a +2 mace of crushing (weapon)
 O - a +0 spear
Armour
 b - a +0 animal skin (worn)
Jewellery
 i - an uncursed ring of flight
 q - a ring of poison resistance (right hand)
 s - an uncursed ring of magical power
 E - a ring of protection from cold (left hand)
 F - an uncursed amulet of rage
 H - an amulet of regeneration (around neck)
Wands
 o - a wand of flame (23/48)
 G - a wand of acid (7/15)
 K - a wand of flame (29/48)
Scrolls
 c - 4 scrolls of identify
 e - 4 scrolls of amnesia
 f - a scroll of random uselessness {unknown}
 g - 2 scrolls of fog {unknown}
 h - 3 scrolls of noise
 k - 2 scrolls of magic mapping {unknown}
 n - a scroll of enchant armour {unknown}
 r - 2 scrolls of blinking {unknown}
 u - 4 scrolls of remove curse
 I - 3 scrolls of fear {unknown}
 J - 5 scrolls of teleportation {unknown}
 N - a scroll of enchant weapon {unknown}
Potions
 a - a potion of degeneration {unknown}
 d - a potion of mutation {unknown}
 j - a potion of agility
 p - 2 potions of curing
 t - a potion of ambrosia {unknown}
 x - a potion of magic
 z - a potion of flight {unknown}
 D - a potion of brilliance {unknown}
 L - a potion of heal wounds
Comestibles
 l - 4 meat rations
 v - 3 fruits
 w - 7 bread rations
 A - a beef jerky
 B - a chunk of flesh
 C - a slice of pizza


   Skills:
 * Level 10.1 Fighting
 + Level 7.7 Maces & Flails
 * Level 9.5 Dodging
 + Level 2.4 Stealth
 + Level 1.1 Evocations


You had 8 spell levels left.
You didn't know any spells.

Dungeon Overview and Level Annotations

Branches:
Dungeon (8/15)             Temple (0/1) D:4            Lair (0/8) D:8

Altars:
Ashenzari
Cheibriados
Gozag
Qazlal
Ru
Yredelemnul

Shops:
D:3 *   D:6 *   D:8 *


Innate Abilities, Weirdness & Mutations

You are too large for most types of armour.
You have tough skin (AC +1).


Message History

The killer bee closely misses you. The killer bee stings you!
* * * LOW HITPOINT WARNING * * *
It was a potion of curing.
You feel better. The killer bee stings you!
* * * LOW HITPOINT WARNING * * *
You are poisoned.
The killer bee poisons you! The killer bee closely misses you. x2
Drink which item? (? for menu, Esc to quit)
You feel better. The killer bee stings you.
* * * LOW HITPOINT WARNING * * *
You are poisoned.
The killer bee poisons you! The killer bee stings you.
* * * LOW HITPOINT WARNING * * *
The killer bee stings you.
* * * LOW HITPOINT WARNING * * *
You are more poisoned.
The killer bee poisons you!
You feel sick. The killer bee closely misses you.
The killer bee barely misses you.
You feel sick. The killer bee stings you!
You die...

#......####...## ##
#...#...####...###.
#..###....##.......
#.## ##............
#.## ##...........
#..# ##......####
#..## ###..###
#...# #### ##@.#
##y.#
###########..##
......†.....##
########
....#########
##....... #
##.####### ##.##
##.## ##.##


You could see a killer bee.

Vanquished Creatures
  The ghost of theElss the Thaumaturge, a novice HECj (D:6)
  A spriggan (D:7)
  2 hippogriffs (D:7)
  A hungry ghost (D:8)
  A water moccasin (D:6)
  An orc warrior (D:7)
  An ice beast (D:6)
  4 centaurs
  An ogre (D:7)
  Blork the orc (D:6)
  A giant frog (D:6)
  3 scorpions
  3 killer bees (D:8)
  4 crimson imps
  A wasp zombie (D:8)
  A centaur skeleton (D:8)
  A giant frog skeleton (D:5)
  5 orc priests
  A gnoll shaman (D:7)
  3 hounds
  An iguana (D:4)
  11 orc wizards
  6 worker ants
  A hound zombie (D:5)
  2 hound skeletons
  8 gnolls
  A howler monkey skeleton (D:7)
  6 adders
  A shadow imp (D:7)
  An ooze (D:1)
  A worm (D:4)
  2 dart slugs
  5 giant geckos
  19 orcs
  5 bats
  2 giant cockroaches
  8 goblins
  9 hobgoblins
  7 jackals
  A quokka (D:2)
  3 ball pythons
  6 giant newts
  A jackal skeleton (D:8)
  5 kobolds
  5 rats
154 creatures vanquished.

Notes
Turn   | Place    | Note
--------------------------------------------------------------
     0 | D:1      | Metae the Ogre Berserker began the quest for the Orb.
     0 | D:1      | Reached XP level 1. HP: 24/24 MP: 1/1
   126 | D:1      | Reached XP level 2. HP: 33/33 MP: 2/2
   449 | D:1      | Reached XP level 3. HP: 36/40 MP: 3/3
   872 | D:2      | Reached ** piety under Trog
  1619 | D:3      | Reached XP level 4. HP: 48/49 MP: 4/4
  1770 | D:3      | Found a shattered altar of Ashenzari.
  2028 | D:3      | Found an opulent altar of Gozag.
  2029 | D:3      | Found Gozag's Platinum Reserve.
  2530 | D:4      | Reached skill level 5 in Fighting
  2530 | D:4      | Reached skill level 1 in Stealth
  2530 | D:4      | Reached XP level 5. HP: 41/57 MP: 5/5
  2957 | D:4      | Reached XP level 6. HP: 49/66 MP: 6/6
  3019 | D:4      | Found a snail-covered altar of Cheibriados.
  3115 | D:4      | Reached skill level 5 in Maces & Flails
  3188 | D:4      | Found a staircase to the Ecumenical Temple.
  3512 | D:5      | Entered Level 5 of the Dungeon
  3574 | D:5      | Reached skill level 5 in Dodging
  3589 | D:5      | Reached *** piety under Trog
  3589 | D:5      | Reached XP level 7. HP: 26/74 MP: 7/7
  3618 | D:5      | Reached skill level 6 in Fighting
  3913 | D:5      | Found a stormy altar of Qazlal.
  4119 | D:5      | Found a sacrificial altar of Ru.
  4568 | D:6      | Noticed theElss's ghost (novice HECj)
  4583 | D:6      | Killed theElss's ghost
  4583 | D:6      | Reached skill level 7 in Fighting
  4583 | D:6      | Reached XP level 8. HP: 74/87 MP: 8/8
  4618 | D:6      | Found Piuxacun's Assorted Antiques.
  4627 | D:6      | Bought a twisted blue amulet for 125 gold pieces
  4733 | D:6      | Noticed Blork the orc
  4755 | D:6      | Killed Blork the orc
  5348 | D:6      | Reached skill level 8 in Fighting
  5607 | D:7      | Reached skill level 1 in Evocations
  5671 | D:7      | Reached XP level 9. HP: 86/97 MP: 9/9
  5867 | D:7      | Reached skill level 9 in Fighting
  5878 | D:7      | Reached **** piety under Trog
  5966 | D:7      | Found a basalt altar of Yredelemnul.
  6865 | D:8      | Found a staircase to the Lair.
  7017 | D:8      | Found Tirur's Tempting Trifles.
  7352 | D:8      | Reached skill level 10 in Fighting
  7379 | D:8      | Slain by a killer bee

Skill      XL: |  1  2  3  4  5  6  7  8  9 |
---------------+----------------------------+-----
Dodging        | 3 4 5 6 7 9 |  9.5
Fighting       | 5 7 8 10 | 10.1
Stealth        | 1 2 |  2.4
Maces & Flails | 5 6 7 |  7.7
Evocations     | 1 |  1.1

Action                   |  1- 3 |  4- 6 |  7- 9 || total
-------------------------+-------+-------+-------++-------
Melee: Mace              |    76 |       |   136 ||   212
       Whip              |    35 |   162 |   274 ||   471
Invok: Berserk           |     1 |     1 |     4 ||     6
       Trog's Hand       |       |     2 |     4 ||     6
       Burn Spellbooks   |       |       |     1 ||     1
 Abil: Evoke Berserk Rag |       |       |     1 ||     1
Evoke: Wand              |       |       |     4 ||     4
  Use: Scroll            |       |       |     5 ||     5
       Potion            |       |       |     4 ||     4
 Stab: Sleeping          |     1 |     3 |       ||     4
  Eat: Bread ration      |     1 |       |     1 ||     2
       Chunk             |       |     4 |     8 ||    12
       Meat ration       |       |     1 |     2 ||     3
Armor: Animal skin       |    29 |    40 |    55 ||   124
Dodge: Dodged            |    69 |    99 |   223 ||   391
